Map: Automaton LE

Players

YohaEng - Winner!

  • Race: Terran Terran
  • Spawn Location: 3:00

VOD

Have the link to the VOD?

Description

Time

  • Played on: April 29, 2019, 1:26 a.m.
  • Length: 21:11
Show
View Real Time Build Order
Export as new Build Order

YohaEng Terran - Winner!

Build Orders:  

Get SALT Encoding   

  12  0:03  SCV  
  13  0:19  SCV  
  13  0:28  Supply Depot  
  14  0:36  SCV  
  15  0:58  SCV  
  16  1:01  Barracks  
  16  1:12  Refinery  
  16  1:15  SCV  
  17  1:31  SCV  
  18  1:48  SCV  
  19  2:06  Orbital Command  
  19  2:23  Command Center  
  20  2:43  Supply Depot  
  20  2:44  Reaper  
  20  2:47  SCV  
  21  3:12  Factory  
  21  3:21  SCV  
  22  3:34  Bunker  
  22  3:38  SCV  
  23  3:50  Refinery  
  23  3:55  SCV  
  24  4:00  Barracks Reactor  
  24  4:06  Orbital Command  
  24  4:08  Widow Mine  
  24  4:12  SCV  
  27  4:29  SCV  
  28  4:38  Widow Mine  
  28  4:47  SCV x2  
  32  4:52  Starport  
  32  4:56  Marine x2  
  34  5:04  SCV x2  
  36  5:10  Supply Depot  
  36  5:21  Marine x2  
  36  5:23  SCV x2  
  40  5:40  SCV x2  
  40  5:49  Starport Tech Lab  
  42  5:57  SCV x2  
  42  5:58  Fusion Core  
  44  6:02  Refinery  
  44  6:08  Refinery  
  44  6:13  SCV  
  44  6:14  SCV  
  44  6:19  Supply Depot  
  46  6:30  SCV  
  46  6:31  SCV  
  48  6:42  Widow Mine  
  48  6:47  SCV  
  48  6:48  SCV  
  51  7:04  SCV  
  51  7:06  Supply Depot  
  51  7:08  SCV  
  53  7:12  Widow Mine  
  53  7:21  SCV  
  53  7:25  SCV  
  57  7:38  SCV  
  58  7:41  Battlecruiser  
  58  7:42  SCV, Starport  
  65  8:00  Barracks  
  65  8:03  Barracks  
  65  8:10  Barracks  
  65  8:13  Command Center  
  65  8:16  Supply Depot  
  65  8:30  SCV  
  65  8:31  SCV  
  67  8:47  SCV  
  67  8:48  SCV, Supply Depot  
  69  8:58  Starport Tech Lab  
  69  9:03  Engineering Bay  
  69  9:04  SCV x2  
  69  9:09  Barracks Tech Lab  
  71  9:11  Barracks Tech Lab  
  71  9:18  Barracks Reactor  
  71  9:21  SCV x2  
  73  9:36  Battlecruiser  
  73  9:37  Battlecruiser  
  85  9:42  Unknown  
  85  9:44  Stimpack  
  85  9:50  Terran Infantry Weapons Level 1  
  85  9:54  SCV, Armory  
  85  9:55  SCV  
  87  10:36  Refinery  
  87  10:44  Supply Depot  
  87  10:45  Supply Depot x2  
  87  10:47  Planetary Fortress, Supply Depot  
  87  10:48  Refinery  
  87  10:51  SCV  
  87  10:52  SCV  
  89  11:08  SCV  
  89  11:09  SCV  
  91  11:11  Command Center  
  91  11:34  SCV x2  
  91  11:39  SCV  
  94  11:50  Marine x3  
  94  11:51  SCV x2, Marine x2  
  94  11:52  Marauder  
  94  11:56  SCV  
  104  12:15  Marine x3  
  104  12:16  Marauder, Marine  
  110  12:22  Marauder  
  110  12:25  Terran Ship Weapons Level 1  
  112  12:39  SCV x3  
  115  12:40  Marine x3  
  115  12:41  Marine  
  115  12:42  Starport  
  115  12:46  Marauder  
  115  12:48  Terran Infantry Weapons Level 2  
  121  12:52  Marauder  
  121  12:56  SCV x3  
  126  13:05  Marine x4  
  126  13:07  Unknown  
  130  13:12  Supply Depot  
  130  13:13  SCV  
  130  13:15  SCV  
  130  13:16  SCV, Marauder  
  130  13:19  Battlecruiser  
  141  13:20  Battlecruiser  
  141  13:29  SCV  
  148  13:42  SCV, Marauder, Marine x4  
  148  13:43  Weapon Refit  
  148  13:48  Missile Turret  
  148  13:49  Starport Tech Lab  
  155  13:58  Supply Depot  
  155  14:07  Marine  
  156  14:18  Planetary Fortress  
  156  14:20  Missile Turret  
  156  14:29  SCV x3, Marauder, Marine x3  
  164  14:46  Supply Depot x2  
  164  14:47  Supply Depot  
  164  14:49  Supply Depot  
  164  14:53  Supply Depot  
  164  15:08  Terran Ship Weapons Level 2  
  164  15:16  SCV x3, Refinery, Battlecruiser x2, Marine  
  164  15:17  Marauder  
  182  15:24  Refinery  
  182  15:33  SCV x2  
  183  15:41  Marine  
  183  15:47  Marine  
  185  15:55  Command Center  
  185  16:04  Marine  
  185  16:05  Marine x2  
  185  16:06  Marine  
  189  16:32  Supply Depot  
  189  16:33  Supply Depot x2  
  189  16:34  Supply Depot  
  189  16:36  Supply Depot  
  189  16:39  Supply Depot  
  189  16:43  Supply Depot  
  189  16:49  Terran Infantry Weapons Level 3  
  189  17:02  Marauder, Marine x3  
  196  17:27  Marine  
  197  17:30  Missile Turret  
  197  17:32  Marauder, Unknown, Missile Turret, Marine x2  
  199  17:46  Missile Turret  
  199  17:56  Missile Turret x2  
  199  17:57  Missile Turret, Marine  
  200  18:00  Missile Turret  
  197  19:50  Command Center  
  196  20:02  Unknown  
  196  20:11  Unknown  
  196  20:17  Command Center  
  196  20:18  Unknown  
  195  20:25  Marine x3  
  195  20:26  Marine x2  
  195  20:27  Unknown  
  200  20:30  Unknown  
  200  20:41  Command Center  
Tags
 
Add a new tag
Caveats
  • Supply blocks, unpowered buildings, or Contaminate may cause inaccurate times.
  • Supply counts are checked every 10 seconds.